 Dungeon Crawl Stone Soup version 0.20-a0-842-g939b552 (webtiles) character file.

63 M4edhros the Sneak (level 4, -2/28 HPs)
             Began as an Octopode Artificer on Mar 9, 2017.
             Slain by aves's ghost (7 damage)
             ... on level 4 of the Dungeon.
             The game lasted 00:00:55 (1293 turns).

M4edhros the Sneak (Octopode Artificer)             Turns: 1293, Time: 00:00:56

Health: -2/28      AC:  1    Str: 11    XL:     4   Next: 10%
Magic:  6/6        EV: 13    Int: 13    God:
Gold:   86         SH:  0    Dex: 13    Spells: 3/3 levels left

rFire    . . .     SeeInvis .   a - +0 short sword
rCold    . . .     Gourm    .   (no shield)
rNeg     . . .     Faith    .   (helmet restricted)
rPois    .         Spirit   .   (no amulet)
rElec    .         Reflect  .   (no ring)
rCorr    .         Harm     .   (no ring)
MR       .....                  (no ring)
Stlth    ++++......             (no ring)
Regen    0.1/turn               (no ring)
MPRegen  0.1/turn               (no ring)
                                (no ring)
                                (no ring)

@: no status effects
A: almost no armour, stealthy swim, amphibious, 8 rings, constrict 8, camouflage
1, gelatinous body 1
a: no special abilities


You were on level 4 of the Dungeon.
You were very hungry.

You visited 1 branch of the dungeon, and saw 4 of its levels.

You collected 86 gold pieces.

Inventory:

Hand Weapons
 a - a +0 short sword (weapon)
 i - a +0 hunting sling
Missiles
 j - 34 stones (quivered)
Wands
 b - a wand of flame (15/48)
 c - a wand of enslavement (12/24)
 d - a wand of random effects (14/48)
Scrolls
 g - a scroll of identify {unknown}
 o - a scroll of enchant weapon {unknown}
 p - a scroll of remove curse {unknown}
 r - a scroll of teleportation {unknown}
 s - a scroll of magic mapping {unknown}
Potions
 e - a potion of curing {unknown}
 h - a potion of might {unknown}
 k - a potion of haste {unknown}
 l - 2 potions of agility {unknown}
 q - a potion of mutation {unknown}
Comestibles
 f - 2 bread rations
 m - 3 fruits
 n - a meat ration


   Skills:
 - Level 1.0 Fighting
 - Level 1.0 Short Blades
 - Level 2.0 Dodging
 + Level 5.5 Stealth
 - Level 3.2 Evocations


You had 3 spell levels left.
You didn't know any spells.

Dungeon Overview and Level Annotations

Branches:
Dungeon (4/15)
 Temple: D:4-7

Altars:

Annotations:
D:4 aves's ghost, amateur DsFi


Innate Abilities, Weirdness & Mutations

You cannot wear most types of armour.
You are very stealthy in the water. (Stealth+)
You are amphibious.
You can wear up to eight rings at the same time.
You can use your tentacles to constrict eight enemies at once.
Your skin changes colour to match your surroundings (Stealth+).
Your rubbery body absorbs attacks. (AC +1, EV +1)


Message History

Aves's ghost hits you!
Ouch! That really hurt!
Aves's ghost burns you!
* * * LOW HITPOINT WARNING * * *
The hound closely misses you.
Evoke which item? (* to show all) (? for menu, Esc to quit)
Aiming: Enslavement
Press: ? - help, Shift-Dir - straight line, f - hound
Aim: a hound (chance to defeat MR: 64%)
The hound struggles to resist.
This wand has 13 charges left.
The hound barely misses you. The hound closely misses you.
Evoke which item? (* to show all) (? for menu, Esc to quit)
Aiming: Enslavement
Press: ? - help, Shift-Dir - straight line, f/p - hound
Aim: a hound (chance to defeat MR: 64%)
The hound struggles to resist.
This wand has 12 charges left.
The hound bites you.
* * * LOW HITPOINT WARNING * * *
Aves's ghost hits you!
You die...

........#####.....####....
........#####.....# #....
............'.....# #....
........#####....## #....
............#....# #....
............#....# #####
............#....#
............######
........W@..#
........h#### .........#
..?.....# .........
......... ####......
#...... #.....?.


You could see a hound and aves's ghost.

Vanquished Creatures
  A hound (D:4)
  An adder (D:4)
  A dart slug (D:3)
  3 leopard geckos
  2 bats (D:1)
  3 giant cockroaches
  2 goblins
  3 hobgoblins
  A quokka (D:4)
  A rat (D:2)
18 creatures vanquished.

Notes
Turn   | Place    | Note
-------+----------+-------------------------------------------
     0 | D:1      | M4edhros the Octopode Artificer began the quest for the Orb.
     0 | D:1      | Reached XP level 1. HP: 13/13 MP: 3/3
    29 | D:1      | Reached skill level 2 in Stealth
   102 | D:1      | Reached skill level 3 in Stealth
   102 | D:1      | Reached XP level 2. HP: 12/18 MP: 4/4
   490 | D:4      | Reached skill level 5 in Stealth
   490 | D:4      | Reached XP level 3. HP: 6/23 MP: 5/5
   714 | D:4      | Reached XP level 4. HP: 26/28 MP: 6/6
   776 | D:4      | Noticed an ogre
  1287 | D:4      | Noticed aves's ghost (amateur DsFi)
  1293 | D:4      | Slain by aves's ghost

Vault maps used:
D:1:      minmay_arrival_shoal_huts
D:2:      nicolae_overflow_crystal_walls
D:3:      first_bread
D:4:      temple_fountains, minmay_misc_feat_tiny

Skill      XL: |  1  2 |
---------------+-------+-----
Stealth        | 3 5 |  5.5
Fighting       | |  1.0
Short Blades   | |  1.0
Dodging        | |  2.0
Evocations     | |  3.2

Action                   |  1- 3 |  4- 6 || total
-------------------------+-------+-------++-------
Melee: Short sword       |    43 |    11 ||    54
       Constrict         |    14 |     3 ||    17
       Tentacles         |     7 |     2 ||     9
Evoke: Wand              |       |     4 ||     4
 Stab: Sleeping          |     2 |       ||     2
Armor: Skin              |     8 |     2 ||    10
Dodge: Dodged            |    40 |     6 ||    46
